 Dungeon Crawl Stone Soup version 0.29.0-4-gdea44cf6ec (webtiles) character file.

Game seed: 9273172683008806478

30 qw the Chopper (level 3, -8/21 HPs)
             Began as a Tengu Warper on Aug 28, 2022.
             Mangled by a gnoll
             ... wielding a +3 spear
              (10 damage)
             ... on level 1 of the Dungeon.
             The game lasted 00:00:03 (767 turns).

qw the Chopper (Tengu Warper)                        Turns: 767, Time: 00:00:04

Health: -8/21      AC:  3    Str: 13    XL:     3   Next: 18%
Magic:  7/7        EV: 12    Int: 13    God:
Gold:   67         SH:  0    Dex: 13    Spells: 6/6 levels left

rFire   . . .      SeeInvis .   a - +0 hand axe
rCold   . . .      Faith    .   (no shield)
rNeg    . . .      Spirit   .   b - +0 leather armour
rPois   .          Reflect  .   (helmet restricted)
rElec   .          Harm     .   (no cloak)
rCorr   .          Rampage  .   (no gloves)
Will    .....                   (boots unavailable)
Stlth   +.........              (no amulet)
HPRegen 0.07/turn               (no ring)
MPRegen 0.10/turn               (no ring)

@: no status effects
A: beak, talons 3
a: no special abilities


You were on level 1 of the Dungeon.
You visited 1 branch of the dungeon, and saw 1 of its levels.

You collected 67 gold pieces.


Innate Abilities, Weirdness & Mutations

You have a beak for a mouth.
You have claws for feet.


   Skills:
 - Level 2.0 Fighting
 + Level 3.9 Axes
 - Level 1.0 Throwing
 - Level 1.1 Armour
 - Level 2.1 Dodging
 - Level 2.0 Spellcasting
 - Level 2.4 Translocations


You had 6 spell levels left.
You didn't know any spells.
Your spell library contained the following spells:

 Spells                   Type           Power      Damage    Failure   Level
 Blink                    Tloc           14%        N/A       19%         2
 Gell's Gravitas          Tloc           7%         N/A       36%         3
 Lesser Beckoning         Tloc           7%         N/A       36%         3
 Teleport Other           Tloc           7%         N/A       36%         3
 Manifold Assault         Tloc           7%         N/A       98%         5

Inventory:

Hand Weapons
 a - a +0 hand axe (weapon)
 g - a +0 club
Armour
 b - a +0 leather armour (worn)
 d - a +0 cloak
Jewellery
 i - an amulet of faith
Scrolls
 c - a scroll of blinking
Potions
 e - a potion of curing {unknown}
 f - a potion of magic {unknown}
 h - 2 potions of cancellation {unknown}
 j - a potion of heal wounds {unknown}

Dungeon Overview and Level Annotations

Branches:
Dungeon (1/15)

Altars:


Message History

The giant cockroach is severely wounded.
The giant cockroach bites you.
You hit the giant cockroach.
The giant cockroach is almost dead.
The giant cockroach bites you.
You hit the giant cockroach.
You kill the giant cockroach!
You barely miss the frilled lizard. The frilled lizard closely misses you.
You barely miss the frilled lizard. Your peck misses the frilled lizard.
The frilled lizard bites you.
You completely miss the frilled lizard. You claw the frilled lizard.
You kill the frilled lizard!
You start resting.
HP restored.
j - a blue potion A bat comes into view.
The bat hits you but does no damage.
You hit the bat but do no damage. You claw the bat.
You kill the bat!
You see here a bat corpse.
A gnoll comes into view. It is wielding a +3 spear.
The gnoll shouts!
A kobold comes into view. It is wielding a +0 short sword.
The gnoll hits you from afar with a +3 spear.
The gnoll hits you with a +3 spear.
You barely miss the gnoll.
The kobold throws a stone.
The stone hits you but does no damage. The gnoll closely misses you.
The gnoll completely misses you.
The kobold throws a stone.
The stone hits you but does no damage.
You hit the gnoll but do no damage. The gnoll hits you with a +3 spear.
You hit the gnoll.
The gnoll is heavily wounded.
The gnoll hits you with a +3 spear!
You hit the gnoll.
The gnoll is severely wounded.
You hit the kobold but do no damage. The gnoll hits you with a +3 spear!
You die...

.....#.#.####
.....%.#............#.#
........##### ..#.#.
.## ........##..# .....
...
.######.....###...#..#
.# ###.......#.#..# .
#..####......###
#####..####.K.......
#......%....@g...#
######.##.....####
#.##.....# ####.....#
###.#.# #...# #.#.#
#.#.#


You could see a gnoll and a kobold.

Vanquished Creatures
  A gnoll (D:1)
  A bat (D:1)
  3 endoplasms (D:1)
  A giant cockroach (D:1)
  A goblin (D:1)
  2 hobgoblins (D:1)
  2 kobolds (D:1)
  5 frilled lizards (D:1)
  5 rats (D:1)
21 creatures vanquished.

Notes
Turn   | Place    | Note
-------+----------+-------------------------------------------
     0 | D:1      | qw the Tengu Warper began the quest for the Orb.
     0 | D:1      | Reached XP level 1. HP: 12/12 MP: 4/4
     0 | D:1      | 0 ||| qw: Version: 0.1-a-89-g26bdef1
     0 | D:1      | 0 ||| qw: Game counter: 2635
     0 | D:1      | 0 ||| qw: Always use a shield: true
     0 | D:1      | 0 ||| qw: God list: Okawaru
     0 | D:1      | 0 ||| qw: Allow faded altars: false
     0 | D:1      | 0 ||| qw: Do Orc after D:15 true
     0 | D:1      | 0 ||| qw: Do second Lair branch before Depths: true
     0 | D:1      | 0 ||| qw: Lair rune preference: random
     0 | D:1      | 0 ||| qw: Plans: Normal
     0 | D:1      | 0 ||| PLANNING D:1-11
   113 | D:1      | Reached XP level 2. HP: 16/17 MP: 6/6
   114 | D:1      | Reached skill level 3 in Axes
   122 | D:1      | 122 ||| Stepping ~*~*~tactically~*~*~ (stealth).
   311 | D:1      | 311 ||| Stepping ~*~*~tactically~*~*~ (stealth).
   352 | D:1      | 352 ||| Stepping ~*~*~tactically~*~*~ (stealth).
   353 | D:1      | 353 ||| Stepping ~*~*~tactically~*~*~ (stealth).
   354 | D:1      | 354 ||| Stepping ~*~*~tactically~*~*~ (stealth).
   468 | D:1      | Reached XP level 3. HP: 11/21 MP: 7/7
   766 | D:1      | HP: 2/21 [gnoll/+3 spear (8)]
   767 | D:1      | Mangled by a gnoll

Levels and vault maps discovered:
D:1:      dpeg_arrival_pits, layout_basic, st_stairs_10, corner_web_ring,
          minmay_pentomino_v4

Skill      XL: |  1  2 |
---------------+-------+-----
Axes           | 3 |  3.9
Fighting       | |  2.0
Throwing       | |  1.0
Armour         | |  1.1
Dodging        | |  2.1
Spellcasting   | |  2.0
Translocations | |  2.4

Action                   || total
-------------------------++-------
Melee: Hand axe          ||    46
       Kick              ||     8
       Peck              ||     4
Throw: Boomerang         ||     7
Armor: Leather armour    ||     7
Dodge: Dodged            ||    19

Table legend:
 A = Non-vault XP
 B = Vault XP
 C = Vault XP percentage of total XP
 D = Non-vault monster count
 E = Vault monster count
 F = Vault count percentage of total count
                 A         B        C        D         E       F
            +---------+---------+-------+---------+---------+-------
      Total |      36 |       7 |  16.3 |      15 |       6 |  28.6
            +---------+---------+-------+---------+---------+-------
        D:1 |      36 |       7 |  16.3 |      15 |       6 |  28.6
            +---------+---------+-------+---------+---------+-------
